[Event "Team 45 45 League T33"]
[Site "Internet Chess Club"]
[Date "2007.05.30"]
[Round "6"]
[White "forketta"]
[Black "jcdios"]
[Result "1-0"]
[WhiteElo "1970"]
[BlackElo "1907"]
[ECO "D11"]
[TimeControl "2700+45"]

1. d4 d5 2. c4 c6 3. Nf3 Bf5 4. Nc3 Nf6 5. cxd5 cxd5 6. Qb3 Bc8 7. Bf4 e6 8. e3
Bd6 9. Bxd6 Qxd6 10. Nb5 Qe7 11. Rc1 Nc6 12. Ne5 O-O 13. Nxc6 bxc6 14. Rxc6 Ne4
15. Bd3 a5 16. Qa3 Qb4+ 17. Qxb4 axb4 18. a3 Bd7 19. Rc2 bxa3 20. Nxa3 Ba4 21.
Re2 Rfc8 22. O-O Rab8 23. f3 Nd6 24. Rb1 Bb3 25. Kf2 Kf8 26. Rd2 h6 27. h4 Rc7
28. e4 Nc4 29. Nxc4 dxc4 30. Be2 Rbc8 31. Bd1 c3 32. bxc3 Bxd1 33. Rbxd1 Rxc3
34. d5 exd5 35. exd5 Ke7 36. Ra1 Kd6 37. Ra6+ Kd7 38. Ra7+ R8c7 39. Rxc7+ Kxc7
40. Ra2 Kd6 41. Ra7 Kxd5 42. Rxf7 Ke6 43. Rxg7 Kf6 44. Rg8 Kf7 45. Rg4 Rb3 46.
Ra4 Kg6 47. g4 Rc3 48. Ra6+ Kg7 49. Re6 Rc1 50. g5 hxg5 51. hxg5 Kf7 52. Rf6+
Kg7 53. Kg3 Ra1 54. f4 Rg1+ 55. Kf3 Ra1 56. Rb6 Rf1+ 57. Kg4 Ra1 58. Rb7+ Kg8
59. f5 Kh8 60. g6 Rg1+ 61. Kf4 Ra1 62. Kg5 Ra2 63. Rb8+ {Black resigns} 1-0

[Event "Team 45 45 League T33"]
[Site "Internet Chess Club"]
[Date "2007.05.29"]
[Round "6"]
[White "qs16"]
[Black "ddlj81"]
[Result "1-0"]
[WhiteElo "1752"]
[BlackElo "1981"]
[ECO "D15"]
[TimeControl "2700+45"]

1. d4 d5 2. c4 c6 3. Nf3 Nf6 4. Nc3 a6 5. e3 b5 6. b3 Bg4 7. Be2 e6 8. O-O Bd6
9. h3 Bxf3 10. Bxf3 Nbd7 11. cxd5 cxd5 12. Bb2 O-O 13. Re1 Rc8 14. e4 dxe4 15.
Nxe4 Bb4 16. Nxf6+ Nxf6 17. Re2 Nd5 18. Bxd5 Qxd5 19. Re5 Qd6 20. Rc1 Ba3 21.
Bxa3 Qxa3 22. Rec5 Rxc5 23. dxc5 Qa5 24. c6 Rd8 25. Qd7 Kf8 26. Qb7 Qd2 27. Rf1
Qc2 28. Qxa6 g6 29. Qxb5 Rc8 30. Re1 Qxa2 31. Qc5+ Kg7 32. b4 Qd2 33. Rc1 Qd8
34. b5 Qa5 35. b6 Qa6 36. b7 Rb8 37. Qe5+ {Black resigns} 1-0

[Event "Team 45 45 League T33"]
[Site "Internet Chess Club"]
[Date "2007.05.27"]
[Round "6"]
[White "curtintime"]
[Black "g8wrb"]
[Result "1-0"]
[WhiteElo "1413"]
[BlackElo "1308"]
[ECO "C02"]
[TimeControl "2700+45"]

1. d4 e6 2. e4 d5 3. e5 c5 4. c3 Nc6 5. a3 Qb6 6. Nf3 c4 7. Nbd2 Bd7 8. b3 cxb3
9. Qxb3 Qxb3 10. Nxb3 Rc8 11. Bd3 Nge7 12. Nc5 Rc7 13. O-O Nf5 14. Bxf5 exf5 15.
Bf4 Be6 16. Ng5 Bxc5 17. Nxe6 fxe6 18. dxc5 Na5 19. Be3 Nc4 20. Bd4 Nd2 21. Rfd1
Nb3 22. Rab1 Na5 23. Rb5 Nc4 24. Rb3 O-O 25. g3 f4 26. Kg2 f3+ 27. Kg1 Rf5 28.
a4 Nxe5 29. Rdb1 Nc6 30. Rxb7 Rxb7 31. Rxb7 e5 32. Be3 e4 33. Rc7 Rf6 34. Bd4
Nxd4 35. cxd4 Ra6 36. h4 Rxa4 37. Rd7 Rxd4 38. c6 Rd1+ 39. Kh2 a5 40. c7 Rc1 41.
Rd8+ Kf7 42. c8=Q Rxc8 43. Rxc8 d4 44. Rc4 d3 45. Rxe4 a4 46. Rxa4 Ke6 47. Rd4
Ke5 48. Rxd3 Ke4 49. Ra3 h6 50. g4 g5 51. hxg5 hxg5 52. Kg3 {Black resigns} 1-0

[Event "Team 45 45 League T33"]
[Site "Internet Chess Club"]
[Date "2007.05.24"]
[Round "6"]
[White "JustinZ"]
[Black "squeege"]
[Result "1/2-1/2"]
[WhiteElo "1310"]
[BlackElo "1144"]
[ECO "C78"]
[TimeControl "2700+45"]

1. e4 e5 2. Nf3 Nc6 3. Bb5 a6 4. Ba4 Nf6 5. O-O Bc5 6. Bxc6 dxc6 7. Nxe5 Qe7 8.
d4 Nxe4 9. dxc5 Qxe5 10. f3 Qxc5+ 11. Kh1 Nf6 12. Re1+ Be6 13. Be3 Qd6 14. Nc3
Qxd1 15. Raxd1 O-O 16. Bg5 Nd5 17. Nxd5 cxd5 18. b3 c5 19. c4 d4 20. a3 f6 21.
Bf4 Rfe8 22. b4 Bxc4 23. bxc5 Rxe1+ 24. Rxe1 Bb3 25. Re7 Rd8 26. Rxb7 Ba4 27.
Rb6 d3 28. Rd6 Re8 29. Bd2 Bb5 30. c6 Rc8 31. Kg1 Rxc6 32. Rxc6 Bxc6 33. Kf2 Bb5
34. Ke3 {Game drawn by mutual agreement} 1/2-1/2

[Event "Team 45 45 League T33"]
[Site "Internet Chess Club"]
[Date "2007.05.28"]
[Round "6"]
[White "slakkjaw"]
[Black "rpgrossman"]
[Result "0-1"]
[WhiteElo "1290"]
[BlackElo "1082"]
[ECO "C47"]
[TimeControl "2700+45"]

1. e4 e5 2. Nf3 Nf6 3. Nc3 Nc6 4. d4 d6 5. d5 Ne7 6. Bd3 c6 7. dxc6 bxc6 8. Be3
Bg4 9. h3 Bxf3 10. Qxf3 d5 11. exd5 Nfxd5 12. Nxd5 cxd5 13. Bb5+ Nc6 14. Bxc6+
Ke7 15. Bc5+ Ke6 16. Qe3 Qa5+ 17. c3 Bxc5 18. Bxd5+ Kxd5 19. Rd1+ Bd4 20. Qf3+
Ke6 21. O-O Bb6 22. Rfe1 Rhd8 23. Qc6+ Ke7 24. Qf3 Rxd1 25. Qb7+ Kf6 26. Rxd1
Rd8 27. Qf3+ Ke6 28. Re1 Rd2 29. Kh1 Bxf2 30. Qg4+ f5 31. Qc4+ Kf6 32. Qc6+ Kg5
33. Qf3 Bxe1 34. Qe3+ Kf6 35. Qxe1 Rxb2 36. Qh4+ Ke6 37. Qc4+ Qd5 38. Qa6+ Rb6
39. Qc8+ Qd7 40. Qc4+ Kf6 41. Qh4+ g5 42. Qh6+ Ke7 43. Qxg5+ Ke8 44. Qg8+ Ke7
45. Qxh7+ Kd8 46. Qh8+ Kc7 47. Qxe5+ Qd6 48. Qg7+ Qd7 49. Qg3+ Qd6 50. Qg7+ Kc6
51. g3 Qd5+ 52. Kg1 Rb1+ 53. Kf2 Rb2+ 54. Ke3 Qe4# {White checkmated} 0-1

[Event "Team 45 45 League T33"]
[Site "Internet Chess Club"]
[Date "2007.05.27"]
[Round "6"]
[White "JimGaming"]
[Black "wekabird"]
[Result "0-1"]
[WhiteElo "1260"]
[BlackElo "1340"]
[ECO "B12"]
[TimeControl "2700+45"]

1. e4 c6 2. d4 d5 3. e5 Bf5 4. Nc3 e6 5. g4 Bg6 6. Nge2 h6 7. h4 Bb4 8. Bd2 Bxc3
9. Bxc3 Ne7 10. Nf4 Bh7 11. Bd3 Bxd3 12. Qxd3 Nd7 13. O-O-O Qc7 14. Nh5 Rg8 15.
f4 g6 16. Ng3 O-O-O 17. b4 Nb6 18. Bd2 Nc4 19. Be1 Qb6 20. Qb3 Kb8 21. Rd3 h5
22. g5 Nf5 23. Nxf5 exf5 24. Rf1 Na5 25. Qa4 Nc4 26. Bf2 Qa6 27. Qxa6 bxa6 28.
Rb3 Nb6 29. Ra3 Kb7 30. Kb2 Nc4+ 31. Kb3 Nxa3 32. Kxa3 Kb6 33. Rb1 Kb5 34. c3
Kc4 35. Be1 Rb8 36. Kb2 a5 37. a3 axb4 38. axb4 a5 39. Kc2 a4 40. Kb2 Ra8 41.
Ka3 Kd3 42. Rb2 Rgf8 43. Rg2 f6 44. Bd2 fxe5 45. fxe5 Rfe8 46. Be1 f4 47. Rf2
Rf8 48. Bd2 f3 49. Be1 Ke3 50. Rb2 f2 51. Bxf2+ Rxf2 52. b5 Rxb2 53. Kxb2 cxb5
54. Ka3 Kd3 55. e6 Re8 56. Kb4 Rxe6 57. Kxb5 a3 {White resigns} 0-1

[Event "Team 45 45 League T33"]
[Site "Internet Chess Club"]
[Date "2007.05.27"]
[Round "6"]
[White "Riddari"]
[Black "therookery"]
[Result "1/2-1/2"]
[WhiteElo "1299"]
[BlackElo "1309"]
[ECO "B29"]
[TimeControl "2700+45"]

1. e4 c5 2. Nf3 Nf6 3. Nc3 d6 4. d4 b6 5. dxc5 Bg4 6. cxd6 exd6 7. Be2 Be7 8. h3
Bxf3 9. Bxf3 O-O 10. O-O Nc6 11. Re1 Qd7 12. Bg5 Rad8 13. Bxf6 Bxf6 14. Nd5 Qe6
15. Bg4 Qe5 16. c3 Bh4 17. f4 Qe8 18. Re3 Na5 19. Qd4 Qb5 20. b3 Nc6 21. Qd1 Ne7
22. Be2 Qc5 23. Nxe7+ Bxe7 24. Qd4 Bf6 25. Qxc5 dxc5 26. Rd1 Rxd1+ 27. Bxd1 Rd8
28. e5 Rxd1+ 29. Kh2 Be7 30. e6 fxe6 31. Rxe6 Kf7 32. Re2 Bd6 33. g3 h6 34. c4
Kf6 35. Kg2 a6 36. Kf3 h5 37. h4 b5 38. cxb5 axb5 39. a4 bxa4 40. bxa4 Ra1 41.
Re4 Rf1+ 42. Ke2 Rc1 43. Kd2 Kf5 44. Kxc1 Kxe4 45. a5 Bb8 46. a6 Kf3 47. Kd2
Kxg3 48. Ke3 Kxh4 49. Kf3 c4 50. Ke4 c3 51. Kd3 Kg4 52. Kxc3 Kxf4 53. Kd3 g5 54.
Ke2 g4 55. Kf2 g3+ 56. Kg2 h4 57. Kh1 Kf3 58. a7 Bxa7 {White stalemated} 1/2-1/2

[Event "Team 45 45 League T33"]
[Site "Internet Chess Club"]
[Date "2007.05.28"]
[Round "6"]
[White "Cataclysm"]
[Black "Russ"]
[Result "0-1"]
[WhiteElo "1154"]
[BlackElo "1248"]
[ECO "B21"]
[TimeControl "2700+45"]

1. e4 c5 2. f4 e5 3. Bc4 exf4 4. Nf3 d6 5. d4 Nc6 6. c3 Bg4 7. O-O Nf6 8. Qd3 h6
9. Bxf4 g5 10. Be3 Qe7 11. Nbd2 Bg7 12. a3 O-O 13. b4 b6 14. Rae1 Rfe8 15. h4
Bxf3 16. Nxf3 Nxe4 17. Bf2 Nxf2 18. Kxf2 Qf6 19. hxg5 hxg5 20. Rh1 Rxe1 21. Qh7+
Kf8 22. Rxe1 cxd4 23. Qe4 Rc8 24. Bd5 Ne5 25. cxd4 Nxf3 26. Qe7+ Qxe7 27. Rxe7
Kxe7 28. gxf3 Bxd4+ 29. Kg3 f5 30. b5 Rc5 31. Bc6 Be5+ 32. Kf2 d5 {White
resigns} 0-1

[Event "Team 45 45 League T33"]
[Site "Internet Chess Club"]
[Date "2007.05.26"]
[Round "6"]
[White "strudel"]
[Black "Mutaant"]
[Result "0-1"]
[WhiteElo "1402"]
[BlackElo "1459"]
[ECO "C64"]
[TimeControl "2700+45"]

1. e4 e5 2. Nf3 Nc6 3. Bb5 Bc5 4. c3 Qf6 5. O-O Nge7 6. Na3 a6 7. Ba4 O-O 8. b4
Ba7 9. Bb3 d6 10. h3 h6 11. Nc4 Ng6 12. d3 Kh8 13. Ne3 Nce7 14. Ng4 Bxg4 15.
hxg4 Nf4 16. Bc2 Qe6 17. Nh2 Qf6 18. Qf3 Neg6 19. Re1 Nh4 20. Qd1 Nh3+ {White
resigns} 0-1

[Event "Team 45 45 League T33"]
[Site "Internet Chess Club"]
[Date "2007.05.27"]
[Round "6"]
[White "seldredg"]
[Black "SeniorCitizen"]
[Result "1-0"]
[WhiteElo "1429"]
[BlackElo "1271"]
[ECO "D00"]
[TimeControl "2700+45"]

1. d4 d5 2. e3 Nf6 3. Bd3 Nc6 4. Nf3 Bg4 5. h3 Bh5 6. Nc3 e6 7. a3 Bd6 8. Qe2 a6
9. e4 Bxf3 10. Qxf3 Nxd4 11. Qd1 dxe4 12. Bxe4 Nc6 13. Bg5 Be7 14. Qf3 Nxe4 15.
Rd1 Nd6 16. Be3 O-O 17. Ne4 f5 18. Ng3 Qc8 19. Bd2 Bf6 20. Bc3 Bxc3+ 21. Qxc3
Rf7 22. O-O Qf8 23. f4 Ne4 24. Qf3 Nxg3 25. Qxg3 Rd8 26. b4 Rd6 27. Rfe1 Rfd7
28. Rd3 Rxd3 29. cxd3 Nd8 30. Re5 Qd6 31. Re3 Qd4 32. Qe1 c5 33. bxc5 Qxc5 34.
a4 Rd5 35. Kh2 Qd6 36. Rg3 Qxf4 37. Qa1 Rxd3 38. Qxg7# {Black checkmated} 1-0

[Event "Team 45 45 League T33"]
[Site "Internet Chess Club"]
[Date "2007.05.26"]
[Round "6"]
[White "ADIOKiddo4Ever"]
[Black "thalamus"]
[Result "1-0"]
[WhiteElo "1382"]
[BlackElo "1371"]
[ECO "C26"]
[TimeControl "2700+45"]

1. e4 e5 2. Nc3 Nf6 3. g3 c6 4. Bg2 d5 5. exd5 cxd5 6. d3 h6 7. Nge2 a6 8. O-O
b5 9. h3 Bc5 10. a3 O-O 11. b4 Ba7 12. g4 g5 13. Ng3 Bd4 14. Bb2 Bb7 15. Nf5 Kh7
16. Rb1 Bc8 17. Ne2 Bxb2 18. Rxb2 Bxf5 19. gxf5 Nc6 20. Ng3 Qd7 21. c3 Ne7 22.
Qf3 Rg8 23. Rd2 Rac8 24. Rc1 d4 25. c4 g4 26. hxg4 Nxg4 27. Qb7 Nf6 28. Qxd7
Nxd7 29. Bb7 Rc7 30. Bxa6 Nxf5 31. Kh2 Nh4 32. Kh1 Ra8 33. Bxb5 Rxa3 34. Bxd7
Rxd7 35. Ne4 Rd8 36. Rb2 Rxd3 37. c5 Rh3+ 38. Kg1 Rg8+ 39. Ng3 d3 40. c6 d2 41.
Rxd2 Nf3+ 42. Kg2 Nxd2 43. Kxh3 Nf3 44. c7 Rc8 45. b5 Ng5+ 46. Kg2 Ne6 47. b6
Nf4+ 48. Kh2 Nd5 49. b7 Rxc7 50. Rxc7 Nxc7 51. b8=Q Ne6 52. Qxe5 Ng5 53. Kg2 Kg6
54. Qf5+ Kg7 55. Nh5+ Kf8 56. Qf6 Ne4 57. Qxh6+ Ke7 58. Qe3 f5 59. f3 {Black
resigns} 1-0

[Event "Team 45 45 League T33"]
[Site "Internet Chess Club"]
[Date "2007.05.28"]
[Round "6"]
[White "gilalva"]
[Black "furrbrain"]
[Result "1-0"]
[WhiteElo "1108"]
[BlackElo "1162"]
[ECO "C02"]
[TimeControl "2700+45"]

1. e4 e6 2. d4 d5 3. e5 c5 4. Nf3 Qb6 5. c3 Nc6 6. Qa4 Ne7 7. Bb5 Bd7 8. dxc5
Qxc5 9. Be3 Nd4 10. Bxd7+ Kd8 11. Bxd4 Qc7 12. Bb5 Nf5 13. O-O a6 14. Be2 b5 15.
Qd1 Be7 16. g4 Nh6 17. Be3 Nxg4 18. Nd4 Nxe5 19. f4 Nc4 20. Bxc4 Qxc4 21. Nd2
Qd3 22. Qe2 Qg6+ 23. Kh1 h5 24. Rg1 Qh7 25. Nc6+ Kd7 26. Nxe7 Kxe7 27. Bc5+ Kd7
28. Bd4 f6 29. Qg2 Rhg8 30. Qg6 Qxg6 31. Rxg6 e5 32. fxe5 fxe5 33. Bxe5 Ke7 34.
Rag1 Rae8 35. Rxg7+ Kf8 36. Rxg8+ Kf7 37. Rxe8 Kxe8 38. Rg7 Kf8 39. Ra7 Ke8 40.
Rxa6 Kd7 41. Rh6 Ke7 42. Rxh5 Ke6 43. Bd4 Kd6 44. b4 Kc6 45. Nf3 Kd6 46. Rg5 Ke6
47. h4 Kd6 48. h5 {Black resigns} 1-0

[Event "Team 45 45 League T33"]
[Site "Internet Chess Club"]
[Date "2007.05.26"]
[Round "6"]
[White "PawnSensei"]
[Black "klt713"]
[Result "1-0"]
[WhiteElo "1463"]
[BlackElo "1303"]
[ECO "B46"]
[TimeControl "2700+45"]

1. e4 c5 2. Nf3 e6 3. d4 cxd4 4. Nxd4 Nc6 5. Nc3 a6 6. Nxc6 bxc6 7. Bd3 Bd6 8.
O-O Qc7 9. f4 e5 10. Ne2 Ne7 11. f5 Bc5+ 12. Kh1 d5 13. Ng3 Bb7 14. f6 gxf6 15.
Rxf6 O-O-O 16. Rxf7 Rd7 17. Qg4 Kb8 18. Bh6 Ka7 19. Raf1 Rg8 20. Qh3 Rgd8 21.
Rxh7 dxe4 22. Nxe4 Bb6 23. Rff7 c5 24. Bg5 Bxe4 25. Bxe7 Bxh7 26. Bxd8 Qxd8 27.
Rxd7+ Qxd7 28. Qxd7+ Ka8 29. Qxh7 Ba7 30. Be4+ {Black resigns} 1-0

[Event "Team 45 45 League T33"]
[Site "Internet Chess Club"]
[Date "2007.05.29"]
[Round "6"]
[White "Prop"]
[Black "ffplayer"]
[Result "1-0"]
[WhiteElo "1218"]
[BlackElo "1144"]
[ECO "B07"]
[TimeControl "2700+45"]

1. e4 d6 2. Bc4 Nf6 3. Nc3 Bg4 4. Nf3 e5 5. d3 Nc6 6. h3 Bh5 7. Be3 Be7 8. Qd2
Bxf3 9. gxf3 Qd7 10. O-O-O a6 11. d4 b5 12. Be2 O-O 13. dxe5 Nxe5 14. f4 Nc4 15.
Bxc4 bxc4 16. e5 Ne8 17. Qd4 Qe6 18. Nd5 dxe5 19. Nxe7+ Qxe7 20. Qxc4 Nd6 21.
Qc3 exf4 22. Bxf4 Rfc8 23. Rhg1 f6 24. Rge1 Qf7 25. b3 a5 26. Qd3 a4 27. Bxd6
cxd6 28. Qxd6 axb3 29. axb3 Qxb3 30. Kd2 Qxc2+ 31. Ke3 Re8+ 32. Kf3 Rxe1 33.
Qd5+ Kf8 34. Qxa8+ Kf7 35. Rxe1 Qc3+ 36. Re3 Qc5 37. Qe8# {Black checkmated} 1-0

[Event "Team 45 45 League T33"]
[Site "Internet Chess Club"]
[Date "2007.05.24"]
[Round "6"]
[White "bmw2002"]
[Black "b-spot"]
[Result "1/2-1/2"]
[WhiteElo "1705"]
[BlackElo "1645"]
[ECO "A15"]
[TimeControl "2700+45"]

1. c4 Nf6 2. g3 e5 3. Bg2 d5 4. cxd5 Nxd5 5. Nc3 Nxc3 6. bxc3 Nc6 7. d3 Bc5 8.
Nf3 O-O 9. O-O Bg4 10. h3 Bh5 11. Rb1 Re8 12. Rxb7 Bb6 13. Nd2 Re6 14. g4 Bg6
15. Nc4 Qc8 16. Rxb6 axb6 17. Bd5 Rxa2 18. Nxb6 Qa6 19. Bxa2 Qxa2 20. Qa4 Qxa4
21. Nxa4 Na7 22. Bb2 Ra6 23. Ra1 f6 24. Nc5 Rxa1+ 25. Bxa1 Kf7 26. d4 exd4 27.
cxd4 Ke7 28. f4 Kd6 29. e4 Nc6 30. Kf2 Bf7 31. Bc3 Na7 32. e5+ fxe5 33. fxe5+
Kd5 34. Ke3 Nb5 35. Bb2 c6 36. Nb7 Nc7 37. Nd8 Bg8 38. Kf4 Ne6+ 39. Nxe6 Bxe6
40. Kg5 Bf7 41. h4 Ke4 42. h5 h6+ 43. Kh4 Be6 44. g5 hxg5+ 45. Kxg5 Bf7 46. h6
gxh6+ 47. Kxh6 Kd5 48. Kg7 Be6 {Game drawn by mutual agreement} 1/2-1/2

[Event "Team 45 45 League T33"]
[Site "Internet Chess Club"]
[Date "2007.05.28"]
[Round "6"]
[White "tammany"]
[Black "Sean"]
[Result "0-1"]
[WhiteElo "1662"]
[BlackElo "1673"]
[ECO "C18"]
[TimeControl "2700+45"]

1. e4 e6 2. d4 d5 3. Nc3 Bb4 4. e5 c5 5. a3 Bxc3+ 6. bxc3 Ne7 7. f4 Qa5 8. Bd2
cxd4 9. cxd4 Qa4 10. c4 Qxd1+ 11. Rxd1 b6 12. cxd5 Nxd5 13. Rc1 Ba6 14. Ne2 O-O
15. g3 Bb7 16. Bg2 Na6 17. Nc3 Nac7 18. Ne4 Nb5 19. O-O Nxd4 20. Kh1 Nb3 21. Rc2
Nxd2 22. Rxd2 Ne3 23. Re1 Nxg2 24. Kxg2 Rfd8 25. Rxd8+ Rxd8 26. Kf2 Bxe4 27.
Rxe4 Rd2+ 28. Kg1 b5 29. a4 a6 30. Rb4 Rd5 31. Kf2 Kf8 32. Ke3 Ke7 33. axb5 axb5
34. Rd4 Rd7 35. Kd3 Kd8 36. Kc3 Kc7 37. Re4 Kc6 38. Kb4 Rd2 39. h4 Rd3 40. g4
Rd5 41. f5 Kd7 42. Ka5 Kc6 43. Ka6 Kc5 44. fxe6 fxe6 45. Rf4 Rd4 46. Rf7 Rxg4
47. Re7 Kd5 48. Kxb5 Kxe5 49. h5 Kf6 50. Rc7 Rg5+ {White resigns} 0-1

[Event "Team 45 45 League T33"]
[Site "Internet Chess Club"]
[Date "2007.05.27"]
[Round "6"]
[White "allanchs"]
[Black "dougmo"]
[Result "1/2-1/2"]
[WhiteElo "1605"]
[BlackElo "1552"]
[ECO "C05"]
[TimeControl "2700+45"]

1. e4 e6 2. d4 d5 3. Nd2 Nf6 4. e5 Nfd7 5. Bd3 c5 6. c3 Nc6 7. Ngf3 cxd4 8. cxd4
f6 9. exf6 Nxf6 10. O-O Bd6 11. Nb3 O-O 12. Bg5 Qe8 13. Re1 Qh5 14. h3 Bd7 15.
a3 Rac8 16. Rc1 h6 17. Be3 Ne4 18. Bxe4 dxe4 19. Nfd2 Qg6 20. Nc5 Bxc5 21. dxc5
Ne5 22. Rc3 Nf3+ 23. Nxf3 exf3 24. g4 Bc6 25. Qd3 Be4 26. Qd7 Bd5 27. Qa4 h5 28.
Qd4 hxg4 29. Qxg4 Qf5 30. Qxf5 Rxf5 31. h4 Kf7 32. Bg5 e5 33. b4 e4 34. Ree3 Ke6
{Game drawn by mutual agreement} 1/2-1/2

[Event "Team 45 45 League T33"]
[Site "Internet Chess Club"]
[Date "2007.05.24"]
[Round "6"]
[White "Two-DogMan"]
[Black "MathWorker"]
[Result "0-1"]
[WhiteElo "1550"]
[BlackElo "1557"]
[ECO "B01"]
[TimeControl "2700+45"]

1. e4 d5 2. exd5 Nf6 3. Nf3 Qxd5 4. Nc3 Qh5 5. d3 e6 6. a3 Nc6 7. Be3 Bd7 8. Ne4
Nxe4 9. dxe4 Bc5 10. Bxc5 Qxc5 11. Bd3 O-O-O 12. O-O e5 13. Qe1 f6 14. b4 Qb6
15. c4 Nd4 16. Nxd4 Qxd4 17. Qe2 c5 18. bxc5 Qxc5 19. Rfc1 Be6 20. Qc2 Rd4 21.
Qe2 Rhd8 22. Rc3 Kb8 23. Rac1 b6 24. h3 Qd6 25. c5 bxc5 26. Qb2+ Ka8 27. Rb1 Rb8
28. Qxb8+ Qxb8 29. Rxb8+ Kxb8 30. Bf1 c4 31. f3 Kc7 32. Kf2 Kc6 33. Ke3 Kc5 34.
g3 g5 35. f4 h6 36. f5 Bd7 37. Be2 Ba4 38. h4 Bb3 39. hxg5 hxg5 40. g4 Bd1 41.
Rc1 Bxe2 42. Kxe2 Rxe4+ 43. Kf3 Rd4 44. Rh1 Rd3+ 45. Ke4 Rxa3 46. Rh6 Ra6 47.
Ke3 Rd6 48. Rh8 c3 49. Ra8 a6 50. Rc8+ Rc6 51. Rxc6+ Kxc6 52. Kd3 Kc5 53. Kxc3
a5 54. Kb3 e4 {White resigns} 0-1

[Event "Team 45 45 League T33"]
[Site "Internet Chess Club"]
[Date "2007.05.26"]
[Round "6"]
[White "calily"]
[Black "gagdad"]
[Result "1/2-1/2"]
[WhiteElo "1768"]
[BlackElo "1677"]
[ECO "B01"]
[TimeControl "2700+45"]

1. e4 d5 2. exd5 Qxd5 3. Nc3 Qa5 4. d4 Nf6 5. Nf3 c6 6. Bd3 Bg4 7. h3 Bh5 8. Bd2
Qd8 9. Be3 Nbd7 10. O-O e6 11. Ne4 Nd5 12. Bg5 Be7 13. Bd2 O-O 14. Ng3 Bg6 15.
Bxg6 hxg6 16. c4 Nc7 17. Re1 c5 18. Bc3 Nb6 19. b3 Bf6 20. Ne4 Bxd4 21. Nxd4
cxd4 22. Bxd4 Na6 23. Nc5 Nb4 24. a3 Nc2 25. Qxc2 Qxd4 26. Nxb7 Qf4 27. Nc5 Rfd8
28. Rad1 Rxd1 29. Rxd1 Qe5 30. Nd7 Nxd7 31. Rxd7 Qa1+ 32. Kh2 Qxa3 33. Qd3 Qa5
34. Qf3 Rf8 35. Qb7 Qf5 36. Qxa7 Kh7 37. Qd4 e5 38. Qd2 Rb8 39. b4 Rxb4 40. Qxb4
Qf4+ {Game drawn by mutual agreement} 1/2-1/2

[Event "Team 45 45 League T33"]
[Site "Internet Chess Club"]
[Date "2007.05.25"]
[Round "6"]
[White "jjmolina"]
[Black "Dostoy"]
[Result "1-0"]
[WhiteElo "1464"]
[BlackElo "1497"]
[ECO "B18"]
[TimeControl "2700+45"]

1. e4 c6 2. d4 d5 3. Nc3 dxe4 4. Nxe4 Bf5 5. Ng3 Bg6 6. Nf3 Nd7 7. h4 h6 8. h5
Bh7 9. Bd3 Bxd3 10. Qxd3 e6 11. Bd2 Ngf6 12. O-O-O Be7 13. Ne5 Nxe5 14. dxe5
Qxd3 15. cxd3 Ng4 16. Rhf1 Nxe5 17. Bc3 f6 18. Ne2 O-O-O 19. Nf4 Rhe8 20. Bxe5
fxe5 21. Nxe6 Bg5+ 22. Nxg5 hxg5 23. Rfe1 Rd5 24. d4 e4 25. f3 e3 26. Rd3 Kd7
27. Rexe3 Rxe3 28. Rxe3 Rxd4 29. Kc2 g4 30. Rd3 Rxd3 31. Kxd3 gxf3 32. gxf3 Ke6
33. Ke4 Kf6 34. f4 c5 35. a4 b6 36. b3 a6 37. Kd5 a5 38. Kc6 Kf5 39. Kxb6 Kxf4
40. Kxa5 Kg5 41. Kb5 c4 42. bxc4 Kxh5 43. c5 g5 44. c6 g4 45. c7 g3 46. c8=Q g2
47. Qh3+ {Black resigns} 1-0

[Event "Team 45 45 League T33"]
[Site "Internet Chess Club"]
[Date "2007.05.29"]
[Round "6"]
[White "mongmong"]
[Black "kublai"]
[Result "1-0"]
[WhiteElo "1570"]
[BlackElo "1278"]
[ECO "D05"]
[TimeControl "2700+45"]

1. d4 d5 2. Nf3 Nf6 3. e3 e6 4. Bd3 c5 5. c3 c4 6. Bc2 b5 7. Nbd2 b4 8. Qe2 Bb7
9. e4 a5 10. e5 Nfd7 11. O-O f6 12. Re1 Nc6 13. exf6 Qxf6 14. Qxe6+ Qxe6 15.
Rxe6+ Be7 16. Bf5 O-O 17. Bh3 Rae8 18. Nf1 bxc3 19. bxc3 Bf6 20. Rxe8 Rxe8 21.
Bxd7 Re7 22. Bxc6 Bxc6 23. Be3 {Black resigns} 1-0

[Event "Team 45 45 League T33"]
[Site "Internet Chess Club"]
[Date "2007.05.28"]
[Round "6"]
[White "Luckydawg"]
[Black "HKNIGHT"]
[Result "0-1"]
[WhiteElo "1633"]
[BlackElo "1648"]
[ECO "A30"]
[TimeControl "2700+45"]

1. c4 c5 2. g3 Nc6 3. Bg2 Nf6 4. Nc3 e5 5. d3 Be7 6. Bg5 O-O 7. Bxf6 Bxf6 8. e4
Ne7 9. Nge2 d6 10. O-O Bd7 11. f4 exf4 12. Nxf4 Be5 13. Qd2 Rb8 14. Rab1 b6 15.
Kh1 Qc8 16. Ncd5 Nxd5 17. Nxd5 Qd8 18. Qe2 Be6 19. Nf4 Qe7 20. b3 Rbc8 21. Bh3
Bxf4 22. Bxe6 fxe6 23. Rxf4 Rxf4 24. gxf4 Rf8 25. Rf1 Qf6 26. f5 Qe5 27. fxe6
Rxf1+ 28. Qxf1 Qxe6 29. Qf2 Qf7 30. Kg2 Qxf2+ 31. Kxf2 Kf7 32. Ke3 Ke6 33. d4 g5
34. a3 a5 35. dxc5 dxc5 36. Kd3 Ke5 37. b4 axb4 38. axb4 cxb4 39. Kc2 g4 40. Kb3
h5 41. Kxb4 h4 {White resigns} 0-1

[Event "Team 45 45 League T33"]
[Site "Internet Chess Club"]
[Date "2007.05.26"]
[Round "6"]
[White "Rubacchus"]
[Black "kingphisch"]
[Result "0-1"]
[WhiteElo "1336"]
[BlackElo "1514"]
[ECO "B19"]
[TimeControl "2700+45"]

1. e4 c6 2. d4 d5 3. Nc3 dxe4 4. Nxe4 Bf5 5. Ng3 Bg6 6. h4 h6 7. Nf3 Nd7 8. h5
Bh7 9. Bd3 Bxd3 10. Qxd3 Qc7 11. Be3 Ngf6 12. O-O-O e6 13. Kb1 O-O-O 14. c4 c5
15. d5 Ne5 16. Bf4 Bd6 17. Nxe5 Bxe5 18. Bxe5 Qxe5 19. Rhe1 Qd6 20. Qa3 Qb6 21.
Ne4 Nxe4 22. Rxe4 Rhe8 23. Qf3 f5 24. Rxe6 Rxe6 25. dxe6 Rxd1+ 26. Qxd1 Qxe6 27.
b3 Qe4+ 28. Qc2 Kd7 29. Qxe4 fxe4 30. Kc2 Kd6 31. Kd2 Ke5 32. Ke3 b6 33. a4 Kf5
34. f3 exf3 35. Kxf3 Ke5 36. Ke3 Kf5 37. Kf3 a5 38. g3 Ke5 39. Ke3 Kf5 40. Kf3
g5 41. hxg6 Kxg6 42. g4 Kg5 43. Kg3 Kf6 44. Kf4 Kg6 45. Kg3 Kg5 46. Kh3 Kf4 47.
Kh4 Kf3 48. Kh3 Kf4 49. Kh4 Ke3 50. Kh5 Kf3 51. Kh4 Kg2 52. Kh5 Kg3 53. Kxh6
Kxg4 54. Kg6 Kf4 55. Kf6 Ke4 56. Ke6 Kd4 57. Kd6 Kc3 58. Kc6 Kxb3 59. Kb5 Ka3
60. Kxb6 Kb4 61. Ka6 Kxa4 62. Kb6 Kb4 63. Ka6 a4 {White resigns} 0-1

[Event "Team 45 45 League T33"]
[Site "Internet Chess Club"]
[Date "2007.05.28"]
[Round "6"]
[White "twintower"]
[Black "AtomicDog"]
[Result "1-0"]
[WhiteElo "1621"]
[BlackElo "1359"]
[ECO "B33"]
[TimeControl "2700+45"]

1. e4 c5 2. Nf3 Nc6 3. d4 cxd4 4. Nxd4 Nf6 5. Nc3 a6 6. f3 e5 7. Nb3 b5 8. Be3
d6 9. Qd2 b4 10. Na4 Rb8 11. Qf2 Nd7 12. a3 Be7 13. Bc4 O-O 14. O-O bxa3 15.
Rxa3 Qc7 16. Nc3 Nf6 17. Bg5 Nb4 18. Bxf6 gxf6 19. Bd5 f5 20. Na5 fxe4 21. fxe4
Nxd5 22. Nxd5 Qd7 23. Rg3+ Kh8 24. Nxe7 Qxe7 25. Nc6 Qb7 26. Qf6# {Black
checkmated} 1-0

[Event "Team 45 45 League T33"]
[Site "Internet Chess Club"]
[Date "2007.05.29"]
[Round "6"]
[White "RD1974"]
[Black "Ernie1"]
[Result "0-1"]
[WhiteElo "1659"]
[BlackElo "1685"]
[ECO "B10"]
[TimeControl "2700+45"]

1. e4 c6 2. c4 d5 3. exd5 cxd5 4. cxd5 Nf6 5. Nc3 Nxd5 6. Bb5+ Nc6 7. Qb3 e6 8.
Nf3 a6 9. Bc4 Na5 10. Bb5+ axb5 11. Qxb5+ Bd7 12. Qe2 Nxc3 13. bxc3 Bc6 14. O-O
Bxf3 15. Qxf3 Qd5 16. Qg4 Qf5 17. Qa4+ b5 18. Qd1 Bd6 19. a4 O-O 20. axb5 Qxb5
21. d4 Nc4 22. Be3 Nxe3 23. fxe3 Rxa1 24. Qxa1 Qh5 25. g3 Qe2 26. Re1 Qd3 27.
Kf2 Rc8 28. Re2 Qxc3 29. Qxc3 Rxc3 30. Ra2 g6 31. h3 Ra3 32. Rc2 Kg7 33. Kf3 Ra5
34. g4 Be7 35. Kf4 Bg5+ 36. Ke4 f5+ 37. gxf5 exf5+ 38. Kf3 Ra3 39. Re2 f4 40. h4
Bh6 41. d5 Rxe3+ 42. Rxe3 fxe3 43. d6 Kf7 {White resigns} 0-1

[Event "Team 45 45 League T33"]
[Site "Internet Chess Club"]
[Date "2007.05.23"]
[Round "6"]
[White "NESKAYA"]
[Black "hondocando"]
[Result "0-1"]
[WhiteElo "1569"]
[BlackElo "1611"]
[ECO "B30"]
[TimeControl "2700+45"]

1. e4 c5 2. Nf3 Nc6 3. c3 e5 4. d4 cxd4 5. cxd4 exd4 6. Nxd4 Nxd4 7. Qxd4 Qc7 8.
Be2 Qxc1+ 9. Qd1 Qxd1+ 10. Bxd1 Bb4+ 11. Nd2 Nf6 12. f3 O-O 13. a3 Bxd2+ 14.
Kxd2 b6 15. b4 Ba6 16. a4 Bc4 17. Rc1 Rac8 18. Rc3 d5 19. e5 Nd7 20. f4 b5 21.
a5 a6 22. Bg4 Rc7 23. e6 Nf6 24. exf7+ Kxf7 25. Bh3 Ne4+ 26. Kc2 Nxc3 27. Kxc3
Re8 28. Rd1 Re3+ 29. Kb2 Rb3+ {White resigns} 0-1